 Dungeon Crawl Stone Soup version 0.30-a0-2-gf48d83f5e2 (webtiles) character file.

Game seed: 405305904080331168

190474 jt the Brawler (level 17, -2/273 HPs)
             Began as a Troll Hedge Wizard on Aug 19, 2022.
             Was the Champion of Dithmenos.
             Succumbed to a merfolk impaler's poison
             ... on level 2 of the Shoals.
             The game lasted 01:39:30 (30663 turns).

jt the Brawler (Troll Hedge Wizard)                Turns: 30663, Time: 01:39:31

Health: -2/273     AC: 21    Str: 26    XL:     17   Next: 54%
Magic:  21/21      EV:  8    Int: 10    God:    Dithmenos [******]
Gold:   2744       SH: 10    Dex: 11    Spells: 15/23 levels left

rFire   + . .      SeeInvis .      - Unarmed
rCold   . . .      Faith    +    V - +0 kite shield
rNeg    . . .      Spirit   .    B - quicksilver dragon scales
rPois   .          Reflect  .    c - +1 hat
rElec   .          Harm     .    v - +2 cloak
rCorr   .          Rampage  .    (gloves unavailable)
Will    ++...      Rage     9%   (boots unavailable)
Stlth   ..........               S - amulet of faith
HPRegen 1.35/turn                q - ring of protection from fire
MPRegen 0.17/turn                b - +4 ring of protection

@: berserking (expiring), lethally poisoned (-2 -> -20), wreathed by umbra, very
quick
A: large, unfitting armour, claws 3, regeneration 1, shaggy fur 1, tough skin 1,
horns 1, berserk 2
}: 1/15 runes: barnacled
a: Renounce Religion, Shadow Step, Shadow Form


You were on level 2 of the Shoals.
You worshipped Dithmenos.
Dithmenos was exalted by your worship.
You visited 5 branches of the dungeon, and saw 27 of its levels.

You collected 3399 gold pieces.
You spent 655 gold pieces at shops.

Inventory:

Hand Weapons
 a - the +3 war axe of Peadupeo {venom, rElec rN+ rCorr Int-4}
   (You found it on level 1 of the Orcish Mines)

   It poisons the flesh of those it strikes.
   Int:       It affects your intelligence (-4).
   rElec:     It insulates you from electricity.
   rN:        It protects you from negative energy.
   rCorr:     It protects you from acid and corrosion.
 k - the +12 dagger "Glorpo" {vorpal, +Blink Stlth+}
   (You found it on level 1 of the Orcish Mines)

   It inflicts extra damage upon your enemies.
   +Blink:    It lets you blink.
   Stlth:     It makes you more stealthy.
 p - the +8 short sword "Ogre's Bane" {freeze, rElec rC+ rCorr}
   (You found it on level 1 of the Orcish Mines)

   It freezes those it strikes, dealing additional cold damage.
   It can also slow down cold-blooded creatures.
   rC:        It protects you from cold.
   rElec:     It insulates you from electricity.
   rCorr:     It protects you from acid and corrosion.
 E - a +2 flail of protection
Missiles
 l - 3 silver javelins
 m - 8 throwing nets
 M - 10 javelins
 T - 125 large rocks
Armour
 c - a +1 hat (worn)
 h - +0 ice dragon scales
 v - a +2 cloak (worn)
 x - +0 acid dragon scales
 B - quicksilver dragon scales (worn)
 U - a +0 robe of positive energy
 V - a +0 kite shield (worn)
Magical Staves
 W - a staff of poison
Jewellery
 b - a +4 ring of protection (right claw)
 g - a ring of protection from cold
 q - a ring of protection from fire (left claw)
 r - a +6 ring of strength
 S - an amulet of faith (around neck)
 X - a ring of positive energy
Wands
 e - a wand of acid (1)
 o - a wand of digging (14)
 D - a wand of mindburst (5)
 G - a wand of roots (6)
 I - a wand of flame (31)
 J - a wand of polymorph (2)
 N - a wand of paralysis (15)
Scrolls
 n - 12 scrolls of identify
 s - 4 scrolls of magic mapping
 u - 17 scrolls of teleportation
 y - 2 scrolls of fog
 A - 2 scrolls of immolation
 H - 3 scrolls of vulnerability
 Q - 3 scrolls of fear
 Y - a scroll of silence
Potions
 d - 2 potions of magic
 f - 5 potions of cancellation
 i - a potion of resistance
 t - 7 potions of mutation
 w - 2 potions of berserk rage
 z - 2 potions of haste
 C - 6 potions of brilliance
 F - 6 potions of curing
 O - 4 potions of might
 P - 4 potions of heal wounds
Miscellaneous
 j - a box of beasts (inert)
 K - a condenser vane
 R - a phantom mirror


   Skills:
 + Level 14.4 Fighting
 - Level 5.1 Throwing
 - Level 5.0 Armour
 - Level 1.5 Dodging
 - Level 1.0 Stealth
 + Level 9.5 Shields
 + Level 20.9 Unarmed Combat
 - Level 3.5 Spellcasting
 - Level 3.4 Conjurations
 - Level 0.6 Summonings
 - Level 0.6 Translocations
 - Level 5.0 Invocations
 + Level 5.6 Evocations


You had 15 spell levels left.
You knew the following spells:

 Your Spells              Type           Power      Damage    Failure   Level
a - Magic Dart            Conj           32%        1d4       19%         1
b - Blink                 Tloc           4%         N/A       65%         2
c - Call Imp              Summ           2%         N/A       65%         2
d - Mephitic Cloud        Conj/Pois/Air  4%         N/A       80%         3

Your spell library contained the following spells:

 Spells                   Type           Power      Damage    Failure   Level
 Shock                    Conj/Air       20%        1d4       36%         1
 Slow                     Hex            4%         N/A       58%         1
 Conjure Flame            Conj/Fire      5%         6-21      73%         3
 Stone Arrow              Conj/Erth      10%        3d7       73%         3
 Ensorcelled Hibernation  Hex/Ice        2%         N/A       75%         2
 Passwall                 Tmut/Erth      0%         N/A       75%         2
 Poisonous Vapours        Pois/Air       2%         N/A       75%         2
 Gell's Gravitas          Tloc           2%         N/A       87%         3
 Lesser Beckoning         Tloc           2%         N/A       87%         3
 Confusing Touch          Hex            1%         N/A       92%         3
 Ignite Poison            Fire/Tmut/Pois 1%         N/A       92%         3
 Inner Flame              Hex/Fire       1%         N/A       92%         3
 Ozocubu's Armour         Ice            1%         N/A       92%         3
 Swiftness                Air            1%         N/A       92%         3
 Vampiric Draining        Necr           1%         2d6       92%         3
 Sticky Flame             Conj/Fire      5%         2d3       98%         4
 Animate Armour           Summ/Erth      4%         N/A       100%        4
 Cause Fear               Hex            0%         N/A       100%        4
 Blade Hands              Tmut           0%         N/A       100%        5
 Fireball                 Conj/Fire      2%         3d4       100%        5
 Freezing Cloud           Conj/Ice/Air   2%         6-21      100%        5
 Metabolic Englaciation   Hex/Ice        0%         N/A       100%        5
 Silence                  Hex/Air        0%         N/A       100%        5
 Yara's Violent Unravell  Hex/Tmut       0%         3d3       100%        5
 Iron Shot                Conj/Erth      2%         9d2       100%        6
 Simulacrum               Ice/Necr       0%         N/A       100%        6
 Starburst                Conj/Fire      2%         6d3       100%        6
 Malign Gateway           Summ/Tloc      1%         N/A       100%        7
 Discord                  Hex            0%         N/A       100%        8
 Disjunction              Tloc           1%         N/A       100%        8
 Ignition                 Fire           0%         3d3       100%        8
 Lehudib's Crystal Spear  Conj/Erth      2%         10d2      100%        8
 Maxwell's Capacitive Co  Air            0%         ∞         100%        8
 Summon Horrible Things   Summ           1%         N/A       100%        8


Dungeon Overview and Level Annotations

Branches:
Dungeon (15/15)            Temple (1/1) D:4            Lair (5/5) D:9
 Shoals (4/4) Lair:2       Spider (0/4) Lair:3        Slime (0/5) Lair:5
    Orc (2/2) D:9             Elf (0/3) Orc:2        Vaults (0/5) D:14
 Depths (0/4) D:15

Altars:
Dithmenos
Elyvilon
Fedhas
Hepliaklqana
Okawaru
Qazlal
Sif Muna
Trog
Xom
Jiyva
Lugonu

Shops:
D:1 (   D:2 (   D:5 (   D:6 (   D:9 !   Orc:2 ((!

Portals:
Abyss: Lair:5

Annotations:
Shoals:1 exclusion: oklob plant, Roxanne
Orc:1 3 runed translucent doors, Gofe's ghost, journeyman VSFi


Innate Abilities, Weirdness & Mutations

You are too large for most types of armour.
You have claws for hands.
Your natural rate of healing is unusually fast.
You are covered in fur. (AC +1)
You have tough skin. (AC +1)
You have a pair of small horns on your head.
You have an uncontrollable temper.


Message History

The merfolk impaler barely misses you.
You miss the merfolk impaler.
Your headbutt misses the merfolk impaler.
The merfolk impaler is severely wounded.
Your shadow hits the merfolk impaler!
You feel very sick.
The merfolk impaler hits you with a +2 trident of venom!
* * * LOW HITPOINT WARNING * * *
You are lethally poisoned!
You barely miss the merfolk impaler.
The merfolk impaler is severely wounded.
Your shadow completely misses the merfolk impaler.
* * * LOW HITPOINT WARNING * * *
You feel very sick.
The merfolk impaler hits you with a +2 trident of venom.
* * * LOW HITPOINT WARNING * * *
You are more poisoned.
You closely miss the merfolk impaler.
Your headbutt misses the merfolk impaler.
The merfolk impaler is severely wounded.
Your shadow hits the merfolk impaler.
* * * LOW HITPOINT WARNING * * *
You emit a cloud of dark smoke.
You feel very sick.
You closely miss the merfolk impaler.
Your headbutt misses the merfolk impaler.
The merfolk impaler is almost dead.
* * * LOW HITPOINT WARNING * * *
You feel very sick. The merfolk impaler barely misses you.
You mangle the merfolk impaler!!
You kill the merfolk impaler!
Dithmenos accepts your kill.
* * * LOW HITPOINT WARNING * * *
You feel very sick.
* * * LOW HITPOINT WARNING * * *
You feel very sick.
There is a lethal amount of poison in your body!
You feel a strong urge to attack something.
You die...

≈≈≈≈≈≈~.## #..~~~~~~~~~~~~~~~≈≈≈≈
≈≈≈≈≈≈≈~.###..~~~~~~~~~...~~~≈≈≈≈
≈≈≈≈≈≈≈~~.#......~~~~~.##.~~~≈≈≈≈
≈≈≈≈≈≈≈~~.....###.~~...###~~~≈≈≈≈
≈≈≈≈≈≈≈~~~~.### #.~~[.###.~~~≈≈≈≈
~~~≈≈≈≈~~~~.# ##.~..###.~~~≈≈≈≈
~~~~≈≈≈~~~~.# ##§§(###..~~~~~≈≈
~.~~~~≈≈≈≈~.#####§§§.###..~~~~~~~
..~~~~~≈≈≈≈~~..§@§§§##...~~~~~~~~
.~~~~~~~~~~~~§§§§######..~~...~~
~~~~~~~~~~~~§§§## ##..~##.~~
~~~≈~~~≈~~~(~>.# ##.~.#.~~
≈~~≈≈≈≈≈≈≈~~...# #.~~~~≈≈
≈≈≈≈≈~~≈≈≈≈≈≈≈~~.### ##[~~~~≈≈
≈≈≈≈≈≈≈≈≈≈≈≈≈≈~~.# #>†~~~~≈≈
~~≈≈≈≈≈≈≈≈≈≈≈≈~.## ##.~~~~~≈≈
..~~~~≈≈≈≈≈≈≈~~. ######..~~~≈≈≈≈


There were no monsters in sight!

Vanquished Creatures
  Mlioglotl (Shoals:3)
  Polyphemus (Shoals:2)
  Donald (Shoals:1)
  Ilsuiw (Shoals:3)
  Louise (Shoals:1)
  A stone giant (Orc:1)
  3 ettins
  8 merfolk impalers
  7 merfolk javelineers
  A fire dragon (D:15)
  A rakshasa (D:12)
  8 hydras
  8 boulder beetles
  3 ogre magi
  An ice dragon (D:15)
  3 merfolk avatars
  7 centaur warriors
  2 dancing weapons (D:14)
  7 merfolk aquamancers
  3 satyrs
  3 catoblepae
  11 two-headed ogres
  9 death yaks
  2 tengu warriors (D:15)
  2 orc high priests
  3 thrashing horrors (Lair:5)
  7 sea snakes
  2 wizards
  An orc knight (D:15)
  11 harpies
  3 deep elf pyromancers
  12 manticores
  7 orc sorcerers
  An oklob plant (Lair:2)
  17 ugly things
  28 cyclopes
  13 fauns
  10 merfolk sirens
  5 elephants (Lair:5)
  Joseph (D:7)
  5 black mambas
  A water nymph (Shoals:4)
  An eye of devastation (Shoals:1)
  5 cane toads
  11 komodo dragons
  A smoke demon (Lair:5)
  2 kobold demonologists
  5 rime drakes
  A freezing wraith (D:12)
  An unseen horror (D:12)
  Psyche (D:12)
  An efreet (D:10)
  A yaktaur (D:10)
  An ancient zyme (Lair:5)
  A meliai (Lair:3)
  6 trolls
  3 polar bears
  23 merfolk
  7 wind drakes
  Grinder (D:3)
  A hornet (D:10)
  A raiju (shapeshifter) (Lair:5)
  Prince Ribbit (D:6)
  6 slime creatures
  26 blink frogs (Lair:5)
  13 dream sheep
  6 snapping turtles
  Sigmund (D:6)
  A shadow (D:8)
  45 yaks
  3 ynoxinuls (Lair:5)
  10 water elementals
  5 wyverns
  A golden eye (shapeshifter) (Lair:5)
  7 basilisks
  2 chaos spawn (Lair:5)
  2 steam dragons
  12 vampire mosquitoes
  9 wargs
  12 small abominations (Lair:5)
  14 water moccasins
  An acid dragon (D:10)
  29 orc warriors
  An ice beast (D:6)
  2 sky beasts
  8 ogres
  20 wolves
  The ghost of Peppero the Magician, an amateur DjCj (D:3)
  13 centaurs
  2 kobold brigands
  A phantom (D:5)
  2 necrophages
  13 bullfrogs
  A gnoll sergeant (D:5)
  3 scorpions
  13 wights
  15 killer bees
  2 electric eels (D:15)
  5 howler monkeys
  6 hounds
  2 jellies
  27 orc priests
  A gnoll bouda (D:4)
  Terence (D:3)
  7 iguanas
  Natasha (thrice) (D:3)
  42 orc wizards
  A boggart simulacrum (D:15)
  9 gnolls
  8 adders
  A shadow imp (D:8)
  2 white imps (D:6)
  2 ufetubi
  3 worms (D:3)
  2 dart slugs
  72 orcs
  14 ball pythons
  3 bats
  6 endoplasms
  7 giant cockroaches
  5 goblins
  11 hobgoblins
  13 jackals
  4 quokkas
  3 frilled lizards
  13 kobolds
  7 rats
  A bush (Lair:5)
880 creatures vanquished.

Vanquished Creatures (collateral kills)
  Rupert (D:12)
  A satyr (Shoals:4)
  A faun (Shoals:4)
  A wind drake (Shoals:4)
4 creatures vanquished.

Vanquished Creatures (others)
  A sea snake (Shoals:4)
  10 fungi
  87 plants
98 creatures vanquished.

Grand Total: 982 creatures vanquished

Notes
Turn   | Place    | Note
-------+----------+-------------------------------------------
     0 | D:1      | jt the Troll Hedge Wizard began the quest for the Orb.
     0 | D:1      | Reached XP level 1. HP: 16/16 MP: 2/2
   125 | D:1      | Reached skill level 1 in Unarmed Combat
   193 | D:1      | Gained mutation: You sometimes lose your temper in combat.
                  | [potion of mutation]
   193 | D:1      | Gained mutation: You have an uncontrollable temper. [potion
                  | of mutation]
   193 | D:1      | Gained mutation: You have a pair of small horns on your
                  | head. [potion of mutation]
   198 | D:1      | Reached XP level 2. HP: 24/24 MP: 0/4
   206 | D:1      | Reached skill level 2 in Unarmed Combat
   303 | D:1      | Found a faded altar of an unknown god.
   325 | D:1      | Prayed at the altar of an unknown god.
   325 | D:1      | Became a worshipper of Dithmenos the Shadowed
   325 | D:1      | Reached * piety under Dithmenos
   422 | D:1      | Reached XP level 3. HP: 31/31 MP: 5/5
   484 | D:1      | Found Pesacko's Weapon Shoppe.
   780 | D:2      | Reached skill level 3 in Unarmed Combat
   796 | D:2      | Noticed a necrophage
   816 | D:2      | Killed a necrophage
   817 | D:2      | Reached skill level 4 in Unarmed Combat
   817 | D:2      | Reached XP level 4. HP: 11/39 MP: 6/6
   891 | D:2      | Found Bovesiap's Weapon Boutique.
  1072 | D:2      | Learned a level 2 spell: Blink
  1075 | D:2      | Learned a level 2 spell: Call Imp
  1266 | D:2      | Reached ** piety under Dithmenos
  1377 | D:2      | Reached XP level 5. HP: 42/45 MP: 7/7
  1459 | D:3      | Noticed Terence
  1529 | D:3      | Noticed Grinder
  1534 | D:3      | Killed Grinder
  1535 | D:3      | Reached skill level 6 in Unarmed Combat
  1535 | D:3      | Reached XP level 6. HP: 45/53 MP: 6/8
  1539 | D:3      | Learned a level 3 spell: Mephitic Cloud
  1550 | D:3      | Killed Terence
  2131 | D:3      | Found a runed translucent door.
  2131 | D:3      | Noticed Peppero's ghost (amateur DjCj)
  2153 | D:3      | Noticed Natasha
  2163 | D:3      | Killed Natasha
  2164 | D:3      | Reached skill level 7 in Unarmed Combat
  2235 | D:3      | Noticed Natasha
  2238 | D:3      | Killed Natasha
  2292 | D:3      | Found a runed translucent door.
  2390 | D:3      | Noticed Natasha
  2393 | D:3      | Killed Natasha
  2560 | D:3      | Reached XP level 7. HP: 59/59 MP: 9/9
  2565 | D:3      | Killed Peppero's ghost
  3058 | D:4      | Found a staircase to the Ecumenical Temple.
  3078 | Temple   | Entered the Ecumenical Temple
  3142 | D:4      | Reached skill level 8 in Unarmed Combat
  3179 | D:4      | Reached *** piety under Dithmenos
  3562 | D:5      | Entered Level 5 of the Dungeon
  3624 | D:5      | Found a shadowy altar of Dithmenos.
  3632 | D:5      | Found a white marble altar of Elyvilon.
  3762 | D:5      | Reached skill level 9 in Unarmed Combat
  3829 | D:5      | Found Cuucagh's Antique Weapon Shop.
  3838 | D:5      | Got the Codex of Baleful Weather
  3902 | D:5      | Reached XP level 8. HP: 60/67 MP: 10/10
  4410 | D:6      | Noticed Sigmund
  4420 | D:6      | Killed Sigmund
  4421 | D:6      | Reached skill level 10 in Unarmed Combat
  4992 | D:6      | Reached skill level 11 in Unarmed Combat
  5196 | D:6      | Found Lingaem's Weapon Boutique.
  5202 | D:6      | Noticed Prince Ribbit
  5210 | D:6      | Killed Prince Ribbit
  5554 | D:7      | Noticed a two-headed ogre
  5572 | D:6      | Reached XP level 9. HP: 74/74 MP: 11/11
  5574 | D:7      | Killed a two-headed ogre
  5575 | D:7      | Reached skill level 12 in Unarmed Combat
  5668 | D:7      | Found a shimmering blue altar of Sif Muna.
  5704 | D:7      | Reached skill level 13 in Unarmed Combat
  5812 | D:7      | Reached skill level 1 in Fighting
  5978 | D:7      | Noticed Joseph
  5993 | D:7      | Killed Joseph
  5993 | D:7      | Reached **** piety under Dithmenos
  6219 | D:7      | Found a blossoming altar of Fedhas.
  6394 | D:8      | Reached XP level 10. HP: 84/91 MP: 12/12
  6491 | D:8      | Found a stormy altar of Qazlal.
  6766 | D:8      | Reached skill level 14 in Unarmed Combat
  7127 | D:8      | Found a hazy altar of Hepliaklqana.
  7392 | D:9      | Found a staircase to the Orcish Mines.
  7535 | D:9      | Reached skill level 5 in Fighting
  7580 | D:9      | Noticed a cyclops
  7586 | D:9      | Killed a cyclops
  7936 | D:9      | Found a staircase to the Lair.
  7939 | D:9      | Reached ***** piety under Dithmenos
  7960 | D:9      | Reached XP level 11. HP: 104/105 MP: 11/13
  8196 | D:9      | Found Maquf's Distillery.
  8205 | D:9      | Bought a potion of heal wounds for 70 gold pieces
  8205 | D:9      | Bought a potion of might for 56 gold pieces
  8205 | D:9      | Bought a potion of haste for 140 gold pieces
  8205 | D:9      | Bought a potion of invisibility for 112 gold pieces
  8205 | D:9      | Bought a potion of mutation for 112 gold pieces
  8257 | D:9      | Reached skill level 15 in Unarmed Combat
  8737 | D:10     | Entered Level 10 of the Dungeon
  8792 | D:10     | Noticed a boulder beetle
  8802 | D:10     | Killed a boulder beetle
  8803 | D:10     | Reached skill level 1 in Throwing
  9064 | D:10     | Reached skill level 1 in Armour
  9157 | D:10     | Paralysed by a hornet for 1 turns
  9415 | D:10     | Identified the +3 shortbow of Evil {vorpal, Dex+2}
  9496 | D:10     | Noticed a two-headed ogre
  9503 | D:10     | Killed a two-headed ogre
  9605 | Lair:1   | Entered Level 1 of the Lair of Beasts
  9627 | Lair:1   | Reached skill level 1 in Invocations
  9816 | Lair:1   | Noticed a catoblepas
  9823 | Lair:1   | Killed a catoblepas
  9977 | Lair:1   | Reached skill level 1 in Evocations
 10650 | Lair:2   | Noticed an eight-headed hydra
 10650 | Lair:2   | Noticed an oklob plant
 10682 | Lair:2   | Reached XP level 12. HP: 30/119 MP: 14/14
 10687 | Lair:2   | HP: 3/119 [eight-headed hydra (3)]
 10690 | Lair:2   | Killed an eight-headed hydra
 11245 | Lair:2   | Reached skill level 16 in Unarmed Combat
 11525 | Lair:2   | Found a staircase to the Shoals.
 12000 | Lair:3   | Found a hole to the Spider Nest.
 12105 | Lair:3   | Reached ****** piety under Dithmenos
 12778 | Lair:4   | Noticed a death yak
 12778 | Lair:4   | Noticed a death yak
 12779 | Lair:4   | Noticed a death yak
 12780 | Lair:4   | Reached skill level 5 in Throwing
 12780 | Lair:4   | Reached skill level 5 in Evocations
 12780 | Lair:4   | Reached XP level 13. HP: 131/131 MP: 15/15
 12796 | Lair:4   | Reached skill level 17 in Unarmed Combat
 13053 | Lair:4   | Reached skill level 10 in Fighting
 13301 | Lair:4   | Reached XP level 14. HP: 143/143 MP: 14/16
 13575 | Lair:5   | Entered Level 5 of the Lair of Beasts
 14588 | Orc:1    | Entered Level 1 of the Orcish Mines
 14727 | D:9      | Reached skill level 18 in Unarmed Combat
 14929 | Orc:1    | Found a bloodstained altar of Trog.
 15058 | Orc:1    | Reached skill level 1 in Conjurations
 15137 | Orc:1    | Found a runed translucent gate.
 15137 | Orc:1    | Found a runed translucent gate.
 15137 | Orc:1    | Found a runed translucent gate.
 15139 | Orc:1    | Noticed Gofe's ghost (journeyman VSFi)
 16230 | Orc:1    | Noticed a stone giant
 16243 | Orc:1    | Killed a stone giant
 16401 | Orc:1    | Got the Folio of the Zephyr
 16404 | Orc:1    | Identified the +12 dagger "Glorpo" {vorpal, +Blink Stlth+}
 16445 | Orc:1    | Identified the +8 short sword "Ogre's Bane" {freeze, rElec
                  | rC+ rCorr}
 16447 | Orc:1    | Identified the +8 flail of Indignation {drain, Contam Fly
                  | rElec}
 16454 | Orc:1    | Identified the +4 battleaxe "Ridgho Miuso" {speed, rF+}
 16460 | Orc:1    | Identified the +3 war axe of Peadupeo {venom, rElec rN+
                  | rCorr Int-4}
 16558 | Orc:2    | Entered Level 2 of the Orcish Mines
 16565 | Orc:2    | Found the +4 robe of Folly {Brilliance Will-∞ Int+8}
 16778 | Orc:2    | Found a staircase to the Elven Halls.
 16936 | Orc:2    | Found an iron altar of Okawaru.
 17672 | Orc:2    | Found Oneun's Antique Weapon Shoppe.
 17672 | Orc:2    | Found Icunif's Distillery.
 17673 | Orc:2    | Found Ileu's Book Emporium.
 17724 | Orc:2    | Found Taick's Weapon Emporium.
 17734 | Orc:2    | Bought a potion of heal wounds for 75 gold pieces
 17734 | Orc:2    | Bought a potion of heal wounds for 75 gold pieces
 17734 | Orc:2    | Bought a potion of degeneration for 15 gold pieces
 18063 | D:5      | Reached XP level 15. HP: 145/145 MP: 19/19
 18460 | Lair:5   | Found a staircase to the Slime Pits.
 18460 | Lair:5   | Found a viscous altar of Jiyva.
 18587 | Lair:5   | Reached skill level 1 in Shields
 19177 | Lair:5   | Found a corrupted altar of Lugonu.
 19177 | Lair:5   | Found a one-way gate to the infinite horrors of the Abyss.
 19593 | D:10     | Reached skill level 19 in Unarmed Combat
 21054 | D:12     | Noticed Psyche
 21064 | D:12     | Killed Psyche
 21505 | D:12     | Noticed Rupert
 21512 | D:12     | Killed Rupert
 21513 | D:12     | Reached skill level 5 in Shields
 22640 | D:13     | You fall into a shaft and drop 2 floors!
 22640 | D:15     | Entered Level 15 of the Dungeon
 22889 | D:15     | Reached XP level 16. HP: 169/169 MP: 20/20
 22929 | D:15     | Found a staircase to the Depths.
 24119 | D:14     | Found a gate to the Vaults.
 25221 | Shoals:1 | Entered Level 1 of the Shoals
 25441 | Lair:2   | Reached skill level 20 in Unarmed Combat
 26198 | Shoals:1 | Reached skill level 5 in Invocations
 26360 | Shoals:1 | Found a shimmering altar of Xom.
 26360 | Shoals:1 | Noticed Roxanne
 26713 | Shoals:1 | Noticed Donald
 26732 | Shoals:1 | Killed Donald
 26975 | Shoals:1 | Noticed Louise
 27089 | Shoals:1 | Killed Louise
 27467 | Shoals:2 | Noticed Polyphemus
 27478 | Shoals:2 | Killed Polyphemus
 27906 | Shoals:2 | Reached XP level 17. HP: 103/179 MP: 15/21
 28276 | Shoals:2 | Noticed Ilsuiw
 28332 | Shoals:3 | Noticed Mlioglotl
 28340 | Shoals:3 | Noticed a tentacled monstrosity
 28348 | Shoals:3 | Killed Mlioglotl
 28454 | Shoals:3 | Reached skill level 5 in Armour
 29033 | Shoals:4 | Entered Level 4 of the Shoals
 29262 | Shoals:4 | Got the Catalogue of Beguiling
 29524 | Shoals:4 | Got a barnacled rune of Zot
 30415 | Shoals:4 | Got Sif Muna's Vellum of Elsewhere
 30558 | Shoals:3 | Killed Ilsuiw
 30660 | Shoals:2 | HP: 10/273 [poisoned by a merfolk impaler]
 30662 | Shoals:2 | HP: 3/273 [poisoned by a merfolk impaler]
 30663 | Shoals:2 | Succumbed to a merfolk impaler's poison

Illustrated notes

Levels and vault maps discovered:
D:1:      heliophobic_arrival_dark_side_of_the_moon, layout_basic, serial_shops,
          nicolae_shop_behind_doors,
          hellmonk_ecumenical_altar_pennies_from_heaven
D:2:      layout_basic, serial_shops, shop, minmay_tetromino_o2
D:3:      wad_crossroads, layout_loops_ring, ebering_ghost_sewer_f,
          uniq_grinder, uniq_natasha, uniq_terence
D:4:      layout_loops_cross, minmay_temple_entry_slanted
D:5:      minmay_skewed_foursquare, layout_rooms,
          mainiacjoe_overflow_divided_tiny, serial_shops,
          nicolae_shop_waterfront
D:6:      layout_basic, serial_shops, nicolae_shop_window_shopping,
          uniq_sigmund, uniq_prince_ribbit1
D:7:      lemuel_ice_spiral_2, layout_rooms, kennysheep_mini_moat,
          fedhas_altar_decomposition, uniq_joseph
D:8:      layout_basic, lemuel_doored_altar, mainiacjoe_overflow_cross_hatched
D:9:      layout_basic, david_lair_shrubbed, orc_0_dummy, serial_shops, shop
D:10:     minmay_the_grid_triangle_9x9_rhombus_thin_mashed
          [minmay_the_grid_triangle_9x9_shrine,
          minmay_the_grid_triangle_9x9_prize_insulated,
          minmay_the_grid_triangle_9x9_impossible_snake,
          minmay_the_grid_triangle_9x9_semitri], layout_irregular_city,
          eino_jars
D:11:     minmay_curly_fans, layout_long_grid
D:12:     layout_rooms, serial_co_window_serial, co_window_paths_b,
          co_window_paths_a, co_window_corner_a, co_window_paths_b,
          co_window_of_opportunity_a, co_window_broadway_c, co_window_corner_ca,
          co_window_of_opportunity_b, co_window_paths_c,
          co_window_of_opportunity_b, glass_columns_b, glass_columns_b,
          minivault_12, uniq_psyche, uniq_rupert
D:13:     layout_basic
D:14:     layout_roguey, erik_vaults_1, chequers_serial_rivers_small_3
D:15:     grunt_enter_depths_hoard, layout_basic, minmay_tree_intersection
Temple:   eino_temple_scatter_basement
Lair:1:   layout_chaotic_city
Lair:2:   layout_loops_ring, elwin_shoals_entry_stream, grunt_megastairs_4,
          serial_bayou_shore_b, lemuel_fruit_fields, infiniplex_staircase_pool_2
Lair:3:   layout_hall_layers, hellmonk_spider_entry_not_the_bees, minivault_23,
          ldierk_geyser, beast_lair_carwin_8
Lair:4:   layout_loops_ring, st_stairs_4, grunt_megastairs_2,
          infiniplex_staircase_pool
Lair:5:   hellmonk_lair_end_abyssal_woods, layout_hall_layers, slime_entry_1
Shoals:1: cheibrodos_shoals_satyrical_garden, layout_shoals, lemuel_oklob_altar,
          uniq_louise, uniq_roxanne, uniq_donald
Shoals:2: layout_shoals, nicolae_shoals_water_booths, uniq_polyphemus,
          uniq_ilsuiw
Shoals:3: layout_shoals, uniq_mlioglotl
Shoals:4: shoals_end_simple, layout_shoals
Orc:1:    giant_chief_lemuel, layout_caves, gammafunk_ghost_necromancy,
          trog_butcher_becter
Orc:2:    st_orc_mages, layout_diamond_mine, dreamdust_deal_with_the_devil,
          okawaru_metal_pillars_3

Skill      XL: |  1  2  3  4  5  6  7  8  9 10 11 12 13 14 15 16 17 |
---------------+----------------------------------------------------+-----
Unarmed Combat | 1 2 4 6 7 9 11 13 14 15 16 17 18 19 20 | 20.9
Fighting       | 3 6 7 9 10 11 13 14 | 14.4
Throwing       | 4 5 |  5.1
Armour         | 2 4 5 |  5.0
Invocations    | 2 5 |  5.0
Evocations     | 2 5 |  5.6
Conjurations   | 3 |  3.4
Spellcasting   | 3 |  3.5
Shields        | 6 8 9 |  9.5
Dodging        | |  1.5
Stealth        | |  1.0
Summonings     | |  0.6
Translocations | |  0.6

Action                   |  1- 3 |  4- 6 |  7- 9 | 10-12 | 13-15 | 16-18 || total
-------------------------+-------+-------+-------+-------+-------+-------++-------
Melee: Dagger            |    39 |       |       |       |       |       ||    39
       Unarmed           |    55 |    95 |   185 |   357 |   752 |   542 ||  1986
       Headbutt          |     6 |    13 |    21 |    60 |   137 |   114 ||   351
       Short sword       |    10 |       |       |       |       |       ||    10
       Punch             |       |     1 |     4 |    23 |    78 |    29 ||   135
       Whip              |       |       |       |     3 |       |       ||     3
       Flail             |       |       |       |       |    19 |     8 ||    27
Throw: Dart              |       |       |       |    21 |    10 |    12 ||    43
       Large rock        |       |       |       |     1 |    11 |    10 ||    22
 Cast: Magic Dart        |     8 |    20 |    49 |    59 |   218 |   197 ||   551
       Blink             |       |       |       |       |       |     3 ||     3
Invok: Shadow Step       |       |       |       |       |       |     1 ||     1
Evoke: Wand              |       |       |       |     8 |    11 |    23 ||    42
       Box of beasts     |       |       |       |       |     1 |     3 ||     4
       Phantom mirror    |       |       |       |       |       |     2 ||     2
  Use: Potion            |     1 |       |     3 |     4 |     6 |     8 ||    22
       Scroll            |       |     2 |     5 |     7 |     4 |     6 ||    24
 Stab: Sleeping          |     2 |     6 |     6 |       |     2 |       ||    16
       Invisible         |       |       |       |       |     7 |       ||     7
       Paralysed         |       |       |       |       |     1 |       ||     1
       Petrified         |       |       |       |       |       |     6 ||     6
       Distracted        |       |       |       |       |       |     3 ||     3
Armor: Robe              |    23 |    29 |    42 |    16 |   195 |    68 ||   373
       Skin              |       |       |     4 |       |       |       ||     4
       Steam dragon scal |       |       |       |    95 |       |       ||    95
       Acid dragon scale |       |       |       |    31 |   138 |       ||   169
       Quicksilver drago |       |       |       |       |       |   276 ||   276
Dodge: Dodged            |    32 |    32 |    63 |   166 |   309 |   234 ||   836
Block: Kite shield       |       |       |       |       |       |   139 ||   139

Table legend: (Time is in decaauts)
 A = Elapsed time spent in this place.
 B = Non-inter-level travel time spent in this place.
 C = Inter-level travel time spent in this place.
 D = Time resting spent in this place.
 E = Time spent auto-exploring this place.
 F = Levels seen in this place.
 G = Mean time per level.
                   A        B        C        D        E       F      G
               +--------+--------+--------+--------+--------+-----+--------+
         Total |  31646 |  29877 |   1769 |   6445 |  14993 |  27 | 1172.1 |
       Dungeon |  16288 |  15344 |    944 |   2493 |   8857 |  15 | 1085.9 |
        Temple |      1 |      1 |      0 |      0 |      0 |   1 |    1.0 |
          Lair |   7069 |   6533 |    536 |   1779 |   3212 |   5 | 1413.8 |
        Shoals |   5178 |   4938 |    240 |   1636 |   1508 |   4 | 1294.5 |
  Orcish Mines |   3108 |   3061 |     47 |    535 |   1415 |   2 | 1554.0 |
               +--------+--------+--------+--------+--------+-----+--------+

Top non-repeatable levels by time:
  Lair:2: 2230 daAuts
     D:9: 1967 daAuts
   Orc:1: 1862 daAuts
Shoals:1: 1844 daAuts
  Lair:5: 1817 daAuts
Shoals:4: 1462 daAuts
    D:12: 1305 daAuts
    D:10: 1305 daAuts
   Orc:2: 1246 daAuts
     D:6: 1245 daAuts
     D:3: 1202 daAuts
    D:14: 1183 daAuts
  Lair:1: 1143 daAuts
    D:15: 1116 daAuts
     D:8: 1108 daAuts
